 Dungeon Crawl Stone Soup version 0.25.1-2-g60ff931df9 (webtiles) character file.

Game seed: 16543373031303091813

4636 funkygono the Basher (level 10, -1/86 HPs)
             Began as a Minotaur Fighter on Nov 30, 2020.
             Was an Elder of Okawaru.
             Slain by a troll (2 damage)
             ... on level 9 of the Dungeon.
             The game lasted 00:18:41 (9186 turns).

funkygono the Basher (Minotaur Fighter)             Turns: 9186, Time: 00:18:42

Health: -1/86      AC: 15    Str: 25    XL:     10   Next: 20%
Magic:  9/9        EV:  8    Int:  5    God:    Okawaru [****..]
Gold:   495        SH: 12    Dex:  9    Spells: 9/9 levels left

rFire    . . .     SeeInvis .   a - +2 flail
rCold    + . .     Gourm    .   c - +1 kite shield
rNeg     . . .     Faith    .   q - +1 chain mail {rC+}
rPois    .         Spirit   .   (helmet restricted)
rElec    .         Reflect  .   v - +0 cloak
rCorr    .         Harm     .   G - +1 pair of gloves
MR       .....                  (no boots)
Stlth    ..........             (no amulet)
HPRegen  0.24/turn              (no ring)
MPRegen  0.11/turn              (no ring)

@: lethally poisoned (-1 -> -2)
A: retaliatory headbutt, horns 2
a: Heroism, Renounce Religion


You were on level 9 of the Dungeon.
You worshipped Okawaru.
Okawaru was greatly pleased with you.
You were not hungry.

You visited 2 branches of the dungeon, and saw 9 of its levels.

You collected 495 gold pieces.

Inventory:

Hand Weapons
 a - a +2 flail (weapon)
 m - a +0 hunting sling
Missiles
 b - 13 boomerangs
 g - 115 bolts
 k - 162 stones (quivered)
 n - 69 sling bullets
 o - 104 arrows
 x - 8 atropa-tipped darts
 E - 31 poisoned darts
Armour
 c - a +1 kite shield (worn)
 q - a +1 chain mail of cold resistance (worn)
 v - a +0 cloak (worn)
 G - a +1 pair of gloves (worn)
 H - a +0 plate armour
Jewellery
 l - an uncursed ring of resist corrosion
 u - an uncursed ring of ice
 B - an uncursed ring of ice
Wands
 r - a wand of flame (15)
 y - a wand of clouds (6)
 z - a wand of digging (7)
 C - a wand of random effects (32)
 I - a wand of enslavement (11)
 J - a wand of disintegration (16)
Scrolls
 d - 3 scrolls of remove curse
 h - 2 scrolls of teleportation
 s - 2 scrolls of amnesia
 D - a scroll of blinking
Potions
 e - 2 potions of stabbing
 i - a potion of resistance
 j - 6 potions of lignification
 p - 2 potions of mutation
 t - 2 potions of cancellation
 w - 2 potions of curing
 A - a potion of brilliance
 K - a potion of flight {unknown}
Comestibles
 f - 22 rations
 F - 9 chunks of flesh


   Skills:
 + Level 7.5 Fighting
 + Level 11.4 Maces & Flails
 + Level 2.0 Throwing
 + Level 8.6 Armour
 + Level 3.7 Dodging
 + Level 8.6 Shields


You had 9 spell levels left.
You didn't know any spells.
Your spell library contained the following spells:

 Spells                   Type           Power        Failure   Level  Hunger
 Animate Skeleton         Necr           N/A          100%        1    ##.....
 Apportation              Tloc           #.....       100%        1    ##.....
 Corona                   Hex            #......      100%        1    ##.....
 Summon Small Mammal      Summ           #...         100%        1    ##.....


Dungeon Overview and Level Annotations

Branches:
Dungeon (9/15)             Temple (1/1) D:5            Lair (0/6) D:9
    Orc: D:9-12

Altars:
Ashenzari
Cheibriados
Dithmenos
Elyvilon
Fedhas
Gozag
Hepliaklqana
Kikubaaqudgha
Makhleb
Nemelex Xobeh
Okawaru
Qazlal
Ru
Sif Muna
Trog
Uskayaw
Vehumet
Wu Jian
Xom
Yredelemnul
Zin
The Shining One

Shops:
D:9 [


Innate Abilities, Weirdness & Mutations

You reflexively headbutt those who attack you in melee.
You have a pair of horns on your head.


Message History

The troll is lightly wounded.
You feel sick. The troll bites you but does no damage.
The troll claws you but does no damage. The troll barely misses you.
You hit the troll. You headbutt the troll.
The troll is moderately wounded.
You hit the troll.
The troll is heavily wounded.
You feel sick. You block the troll's attack. The troll claws you.
* * * LOW HITPOINT WARNING * * *
The troll claws you!
* * * LOW HITPOINT WARNING * * *
You thump the troll!
The troll is severely wounded.
The troll bites you!
* * * LOW HITPOINT WARNING * * *
The troll claws you but does no damage. The troll barely misses you.
You sock the troll! Your headbutt misses the troll.
The troll is almost dead.
You block the troll's attack. The troll claws you.
You die...

##.....# #...##...#.##..#
.#.....# #...##...#.##..'
####'#### #...##...#.....#
#.......# #######...##...#######
#.......# ..........##........##
..##....# ..........##........#.
........# ..........##........#.
........######+###y#######Y#####.
................@TYYY....Y....yY.
................###y......Y......
.....####...##..# #......#..##...
.....####<..##..###......#..##...
.................................
#################################


You could see 3 yaks, a troll and 2 killer bees.

Vanquished Creatures
  The ghost of othur the Basher, a novice GrFi of Nemelex Xobeh (D:6)
  A hippogriff (D:6)
  6 yaks (D:9)
  A spriggan (D:9)
  A wyvern (D:9)
  4 orc warriors
  A swamp drake (D:9)
  A sky beast (D:9)
  A black bear (D:9)
  A necrophage (D:9)
  A phantom (D:5)
  2 crocodiles (D:9)
  2 bullfrogs
  3 scorpions
  3 killer bees (D:9)
  6 howler monkeys
  2 crimson imps
  A centaur skeleton (D:5)
  4 hounds
  11 orc priests
  2 jellies (D:9)
  A bullfrog skeleton (D:4)
  An iguana (D:4)
  3 worker ants
  7 orc wizards
  A hound zombie (D:5)
  2 hound skeletons
  A worker ant zombie (D:6)
  11 adders
  4 gnolls (D:6)
  An ooze (D:1)
  3 worms
  4 leopard geckos
  38 orcs
  3 giant cockroaches
  11 goblins
  6 hobgoblins
  10 jackals
  3 quokkas
  A ball python (D:3)
  8 bats
  6 frilled lizards
  A jackal skeleton (D:4)
  5 kobolds
  10 rats
196 creatures vanquished.

Notes
Turn   | Place    | Note
-------+----------+-------------------------------------------
     0 | D:1      | funkygono the Minotaur Fighter began the quest for the Orb.
     0 | D:1      | Reached XP level 1. HP: 19/19 MP: 0/0
   237 | D:1      | Reached XP level 2. HP: 25/27 MP: 1/1
   755 | D:1      | Reached XP level 3. HP: 29/33 MP: 2/2
  1075 | D:2      | Found a shadowy altar of Dithmenos.
  1548 | D:2      | Reached skill level 3 in Maces & Flails
  2046 | D:3      | Reached XP level 4. HP: 26/40 MP: 3/3
  2345 | D:2      | Reached skill level 4 in Maces & Flails
  2456 | D:2      | Reached skill level 5 in Armour
  2475 | D:2      | Reached XP level 5. HP: 16/46 MP: 4/4
  3066 | D:3      | Reached skill level 5 in Maces & Flails
  3066 | D:3      | Reached skill level 5 in Shields
  3081 | D:3      | Reached skill level 1 in Dodging
  3081 | D:3      | Reached XP level 6. HP: 8/52 MP: 5/5
  3944 | D:3      | You fall into a shaft and drop 1 floor!
  4195 | D:4      | Reached skill level 1 in Throwing
  4245 | D:4      | Reached XP level 7. HP: 59/59 MP: 6/6
  4422 | D:4      | Reached skill level 6 in Maces & Flails
  5359 | D:5      | Entered Level 5 of the Dungeon
  5426 | D:5      | Found a radiant altar of Vehumet.
  5536 | D:5      | You fall into a shaft and drop 1 floor!
  5938 | D:6      | Reached skill level 7 in Maces & Flails
  6061 | D:6      | Reached skill level 5 in Fighting
  6061 | D:6      | Reached XP level 8. HP: 42/68 MP: 7/7
  6473 | D:6      | Found a runed translucent gate.
  6474 | D:6      | Found a runed translucent gate.
  6476 | D:6      | Found a runed translucent gate.
  6476 | D:6      | Found an opulent altar of Gozag.
  6476 | D:6      | Noticed othur's ghost (novice GrFi)
  6476 | D:6      | Noticed a hippogriff
  6723 | D:5      | Found a staircase to the Ecumenical Temple.
  7201 | Temple   | Entered the Ecumenical Temple
  7269 | Temple   | Became a worshipper of Warmaster Okawaru
  7402 | D:6      | Killed othur's ghost
  7402 | D:6      | Reached * piety under Okawaru
  7402 | D:6      | Reached skill level 8 in Maces & Flails
  7408 | D:6      | Killed a hippogriff
  7408 | D:6      | Reached skill level 9 in Maces & Flails
  7414 | D:6      | Reached ** piety under Okawaru
  7414 | D:6      | Reached XP level 9. HP: 45/75 MP: 8/8
  7720 | D:7      | You fall into a shaft and drop 2 floors!
  8063 | D:9      | Found a staircase to the Lair.
  8164 | D:9      | Found Taroth's Antique Armour Boutique.
  8200 | D:9      | Reached skill level 10 in Maces & Flails
  8221 | D:9      | Found a burning altar of Makhleb.
  8463 | D:9      | Reached *** piety under Okawaru
  8957 | D:9      | Reached XP level 10. HP: 78/86 MP: 9/9
  8967 | D:9      | Reached skill level 11 in Maces & Flails
  9066 | D:9      | Reached **** piety under Okawaru
  9185 | D:9      | HP: 1/86 [troll (14)]
  9186 | D:9      | Slain by a troll

Illustrated notes

Levels and vault maps discovered:
D:1:      sevenhm_arrival_forest_fort_large_1, layout_basic
D:2:      layout_basic, grunt_dithmenos_smoke_and_mirrors
D:3:      layout_rooms, minmay_bisected
D:4:      layout_loops_ring
D:5:      layout_basic, minmay_temple_entry_ruins, basic_altar, first_ration,
          serial_bayou_pond_e
D:6:      layout_basic, ebering_ghost_gozag
D:7:      layout_basic, gammafunk_ghost_abyssal_escape,
          hangedman_abyss_or_decor_stagger, uniq_duvessa
D:9:      layout_stronghold, makhleb_blood_cavern_becter, erik_lair_dragon,
          serial_shops, nicolae_shop_crystal, grunt_pizzeria
Temple:   nicolae_temple_the_god_donut

Skill      XL: |  1  2  3  4  5  6  7  8  9 10 |
---------------+-------------------------------+-----
Armour         | 4 5 6 7 8 |  8.6
Shields        | 4 5 6 7 8 |  8.6
Maces & Flails | 3 4 5 7 9 10 11 | 11.4
Dodging        | 1 2 3 |  3.7
Fighting       | 4 5 6 7 |  7.5
Throwing       | 1 2 |  2.0

Action                   |  1- 3 |  4- 6 |  7- 9 | 10-12 || total
-------------------------+-------+-------+-------+-------++-------
Melee: Flail             |   118 |   166 |   344 |    65 ||   693
       Headbutt          |    10 |    21 |    67 |     8 ||   106
Throw: Stone             |     4 |    29 |    47 |       ||    80
       Dart              |       |     7 |       |       ||     7
  Use: Scroll            |     6 |       |    14 |       ||    20
       Potion            |       |     2 |     2 |       ||     4
  Eat: Chunk             |     4 |     7 |    15 |     1 ||    27
Armor: Scale mail        |    62 |    79 |    15 |       ||   156
       Chain mail        |       |       |   122 |    22 ||   144
Dodge: Dodged            |    42 |    54 |    83 |    19 ||   198
Block: Kite shield       |    69 |   106 |   223 |    37 ||   435
